 Dungeon Crawl Stone Soup version 0.31-a0-237-g2d982f9f85 (webtiles) character file.

Game seed: 7267922231578815975

104 arthad the Digger (level 4, -1/24 HPs)
             Began as a Gargoyle Earth Elementalist on July 11, 2023.
             Slain by an orc
             ... wielding a +0 flail
              (3 damage)
             ... on level 3 of the Dungeon.
             The game lasted 00:06:09 (2487 turns).

arthad the Digger (Gargoyle Earth Elementalist)     Turns: 2487, Time: 00:06:09

Health: -1/24      AC:  5    Str: 11    XL:     4   Next: 80%
Magic:  5/8        EV: 12    Int: 18    God:
Gold:   87         SH:  0    Dex: 10    Spells: 4/8 levels left

rFire   . . .        k - staff of earth
rCold   . . .        (no shield)
rNeg    + . .        a - +0 robe
rPois   ∞            (no helmet)
rElec   +            (no cloak)
rCorr   .            (no gloves)
SInv    .            (no boots)
Will    .....        (no amulet)
Stlth   ++           (no ring)
HPRegen 0.24/turn    (no ring)
MPRegen 0.11/turn

%: no passive effects
@: mighty, brilliant
A: sickness immunity, AC +3, negative energy resistance 1, electricity
resistance, torment resistance 1, petrification resistance
a: no special abilities


You were on level 3 of the Dungeon.
You visited 1 branch of the dungeon, and saw 3 of its levels.

You collected 87 gold pieces.

Inventory:

Hand Weapons
 d - a +1 dagger of venom
Missiles
 h - 6 poisoned darts
Armour
 a - a +0 robe (worn)
 m - an orb of energy
Magical Staves
 k - a staff of earth (weapon)
Scrolls
 c - a scroll of identify {unknown}
 g - a scroll of blinking {unknown}
 l - a scroll of revelation {unknown}
Potions
 b - a potion of magic
 f - a potion of mutation {unknown}
 i - a potion of cancellation {unknown}
 j - 3 potions of brilliance


   Skills:
 + Level 2.2 Dodging
 + Level 3.0 Stealth
 * Level 2.6 Spellcasting
 * Level 0.4 Conjurations
 + Level 1.5 Transmutations
 * Level 4.4 Earth Magic


You had 4 spell levels left.
You knew the following spells:

 Your Spells              Type           Power      Damage    Failure   Level
a - Sandblast             Erth           82%        2d17      2%          1
b - Stone Arrow           Conj/Erth      50%        3d10      19%         3

Your spell library contained the following spells:

 Spells                   Type           Power      Damage    Failure   Level
 Passwall                 Tmut/Erth      24%        N/A       8%          2
 Magic Dart               Conj           24%        1d4       14%         1
 Searing Ray              Conj           12%        2d4       22%         2
 Call Canine Familiar     Summ           3%         N/A       45%         3
 Portal Projectile        Hex/Tloc       6%         N/A       45%         3
 Petrify                  Tmut/Erth      29%        N/A       45%         4
 Leda's Liquefaction      Hex/Erth       11%        N/A       56%         4
 Fulminant Prism          Conj/Hex       2%         3d5       83%         4


Dungeon Overview and Level Annotations

Branches:
Dungeon (3/15)

Altars:


Innate Abilities, Weirdness & Mutations

You are immune to sickness and miasma.
Your stone body is resilient. (AC +3)
You are immune to poison.
You resist negative energy. (rN+)
You are resistant to electric shocks. (rElec)
You are resistant to unholy torment.
You are immune to petrification.


Message History

You feel a surge of power!
The blast of sand hits the adder!
You kill the adder!
There is a large open door here.
An orc is nearby!
No target in view!
The orc shouts!
You hear a shout! x2; The orc priest shouts!
You can't see any susceptible monsters within range! (Use Z to cast anyway.)
The orc shouts!
You feel a surge of power!
The blast of sand hits the orc priest!
The orc priest is severely wounded.
You feel a surge of power!
The blast of sand hits the orc.
The orc is almost dead.
You feel a surge of power!
The blast of sand hits the orc but does no damage.
The orc is almost dead.
The orc hits you with a +3 dagger. The orc closely misses you.
You feel a surge of power!
The blast of sand hits the orc but does no damage.
The orc is almost dead.
The orc priest mumbles some strange prayers to Beogh against you.
Beogh smites you!
Ouch! That really hurt!
* * * LOW HITPOINT WARNING * * *
The orc attacks as you move away! The orc hits you but does no damage.
The orc attacks as you move away! The orc hits you but does no damage.
You closely miss the orc. You hit the orc but do no damage.
The orc is almost dead.
The orc closely misses you.
You hit the orc but do no damage. x2
The orc is almost dead.
The orc hits you with a +3 dagger.
* * * LOW HITPOINT WARNING * * *
It was a potion of brilliance.
You feel clever all of a sudden. The orc closely misses you.
The orc hits you with a +0 flail.
* * * LOW HITPOINT WARNING * * *
It was a potion of might.
You feel very mighty all of a sudden. The orc hits you with a +0 flail.
You die...

######### #.......#
######.......# #....#.......#
#.##.#.......#####
##.##.......oo>...#### ###
##..###........##oo...##....
...## ##.......#@o....††....
...# ##.####.#o####''####.
##.# ##.<..÷#..##≈≈≈..≈≈≈##
....##........##§≈≈≈..≈≈≈§##
...#........##≈§≈≈≈..≈≈≈≈≈#
###.>.......##≈≈≈§§≈..§§≈§≈≈
.........).##≈≈≈§§§≈..§§§§§§≈
...........#≈≈§≈§§§≈..§§§§≈≈§
...........#≈≈≈§≈≈≈§..≈≈≈≈§§≈


You could see an orc priest and 3 orcs.

Vanquished Creatures
  4 adders
  2 dart slugs (D:2)
  3 orcs
  5 bats
  5 endoplasms
  2 giant cockroaches (D:3)
  7 goblins
  3 hobgoblins
  8 kobolds
  4 quokkas
  6 ball pythons
  4 frilled lizards (D:1)
  4 rats
57 creatures vanquished.

Notes
Turn   | Place    | Note
-------+----------+-------------------------------------------
     0 | D:1      | arthad the Gargoyle Earth Elementalist began the quest for
                  | the Orb.
     0 | D:1      | Reached XP level 1. HP: 10/10 MP: 3/3
   308 | D:1      | Reached skill level 1 in Transmutations
   308 | D:1      | Reached XP level 2. HP: 15/15 MP: 3/5
   707 | D:1      | Found a faded altar of an unknown god.
  1128 | D:2      | Reached XP level 3. HP: 19/19 MP: 2/6
  1183 | D:2      | Reached skill level 4 in Earth Magic
  1280 | D:2      | You fall into a shaft and drop 1 floor!
  1668 | D:2      | Reached XP level 4. HP: 24/24 MP: 4/7
  1678 | D:2      | Learned a level 3 spell: Stone Arrow
  2487 | D:3      | Slain by an orc

Illustrated notes

Levels and vault maps discovered:
D:1:      psy_arrival_statuary, layout_basic, dilly_ecumenical_altar_fadedgnrine
D:2:      minmay_chambers_of_ones, layout_basic
D:3:      kennysheep_big_flooded_room, layout_rooms

Skill      XL: |  1  2  3  4 |
---------------+-------------+-----
Transmutations | 1 |  1.5
Earth Magic    | 4 |  4.4
Dodging        | 2 |  2.2
Stealth        | 3 |  3.0
Spellcasting   | |  2.6
Conjurations   | |  0.4

Action                     |  1- 3 |  4- 6 || total
---------------------------+-------+-------++-------
  Melee: Staff             |       |     4 ||     4
         Dagger            |       |     1 ||     1
   Cast: Sandblast         |    48 |    30 ||    78
    Use: Potion            |       |     2 ||     2
 Armour: Robe              |     4 |     2 ||     6
  Dodge: Dodged            |     4 |     7 ||    11

Table legend: (Time is in decaauts)
 A = Elapsed time spent in this place.
 B = Non-inter-level travel time spent in this place.
 C = Inter-level travel time spent in this place.
 D = Time resting spent in this place.
 E = Time spent auto-exploring this place.
 F = Levels seen in this place.
 G = Mean time per level.
                   A        B        C        D        E       F      G
               +--------+--------+--------+--------+--------+-----+--------+
         Total |   2526 |   2425 |    101 |      0 |   2062 |   3 |  842.0 |
       Dungeon |   2526 |   2425 |    101 |      0 |   2062 |   3 |  842.0 |
               +--------+--------+--------+--------+--------+-----+--------+

Top non-repeatable levels by time:
     D:2: 1180 daAuts
     D:1: 950 daAuts
     D:3: 395 daAuts
